 Dungeon Crawl Stone Soup version 0.31-a0-640-g39d97e502b (webtiles) character file.

Game seed: 2501962224441456944

4603 browni3141 the Grappler (level 10, -4/76 HPs)
             Began as a Gnoll Shapeshifter on Aug 28, 2023.
             Was a Believer of Wu Jian.
             Slain by a two-headed ogre
             ... wielding a +0 giant club
              (15 damage)
             ... on level 7 of the Dungeon.
             The game lasted 00:16:17 (6855 turns).

browni3141 the Grappler (Gnoll Shapeshifter)        Turns: 6855, Time: 00:16:18

Health: -4/76      AC: 10    Str: 17    XL:     10   Next: 42%
Magic:  17/18      EV: 13    Int:  9    God:    Wu Jian [**....]
Gold:   340        SH:  0    Dex: 13    Spells: 19/19 levels left

rFire   . .          .
                       - Unarmed
rCold   + . .        (shield currently unavailable)
rNeg    . . .        h - +2 ring mail {rF+}
rPois   .            e - +0 helmet
rElec   .            (no cloak)
rCorr   .            t - +0 pair of gloves
SInv    .            (no boots)
Will    +....        (no amulet)
Stlth   +            k - ring of willpower
HPRegen 0.32/turn    w - ring of ice
MPRegen 0.16/turn

%: no passive effects
@: flux-form, glowing
A: glow, contaminating, fangs 1, strong nose, distributed training
a: Begin Untransformation, Renounce Religion, Wall Jump


You were on level 7 of the Dungeon.
You worshipped Wu Jian.
Wu Jian was pleased with you.
You were something dangerously unstable.
You visited 2 branches of the dungeon, and saw 8 of its levels.

You collected 340 gold pieces.

Inventory:

Hand Weapons
 b - a +0 sling
Missiles
 j - 21 poisoned darts
 x - a throwing net
Armour
 a - a +0 animal skin
 e - a +0 helmet (worn)
 h - a +2 ring mail of fire resistance (worn)
 q - a +2 scale mail of positive energy
 t - a +0 pair of gloves (worn)
Jewellery
 k - a ring of willpower (left hand)
 w - a ring of ice (right hand)
 F - a ring of fire
 H - a ring of fire
 L - a ring of magical power
 O - a ring of ice
Talismans
 c - a beast talisman
 d - a flux talisman (active)
 o - a flux talisman (active)
 v - a blade talisman
Wands
 s - a wand of paralysis (3)
 B - a wand of polymorph (6)
 D - a wand of iceblast (7)
 G - a wand of flame (15)
Scrolls
 f - a scroll of blinking
 i - a scroll of silence {unknown}
 m - a scroll of summoning {unknown}
 r - 2 scrolls of enchant weapon {unknown}
 y - a scroll of teleportation {unknown}
 E - a scroll of amnesia {unknown}
 J - 2 scrolls of identify
 K - 2 scrolls of fog {unknown}
 M - a scroll of poison {unknown}
 N - a scroll of revelation {unknown}
Potions
 g - a potion of curing
 l - a potion of heal wounds {unknown}
 n - 2 potions of lignification
 p - 2 potions of magic {unknown}
 u - a potion of enlightenment {unknown}
 z - 2 potions of degeneration {unknown}
 A - a potion of attraction {unknown}
 C - 3 potions of brilliance {unknown}
 I - a potion of might {unknown}
 P - a potion of mutation {unknown}


   Skills:
 + Level 6.0 Fighting
 + Level 5.3 Short Blades
 + Level 5.3 Long Blades
 + Level 5.3 Axes
 + Level 5.3 Maces & Flails
 + Level 5.3 Polearms
 + Level 5.3 Staves
 + Level 5.3 Ranged Weapons
 + Level 5.3 Throwing
 + Level 5.3 Armour
 + Level 7.1 Dodging
 + Level 5.3 Stealth
 + Level 5.3 Shields
 + Level 8.5 Unarmed Combat
 + Level 5.3 Spellcasting
 + Level 4.4 Conjurations
 + Level 4.4 Hexes
 + Level 4.4 Summonings
 + Level 4.4 Necromancy
 + Level 4.4 Translocations
 + Level 4.4 Transmutations
 + Level 4.4 Fire Magic
 + Level 4.4 Ice Magic
 + Level 4.4 Air Magic
 + Level 4.4 Earth Magic
 + Level 4.4 Poison Magic
 + Level 5.9 Invocations
 + Level 5.3 Evocations
 + Level 8.2 Shapeshifting


You had 19 spell levels left.
You didn't know any spells.
Your spell library contained the following spells:

 Spells                   Type           Power      Damage    Failure   Level
 Foxfire                  Conj/Fire      40%        2x1d6     7%          1
 Dazzling Flash           Conj/Hex       20%        N/A       21%         3
 Gell's Gravitas          Tloc           10%        N/A       21%         3
 Teleport Other           Tloc           10%        N/A       21%         3
 Volatile Blastmotes      Fire/Tloc      20%        2d11      21%         3
 Anguish                  Hex/Necr       5%         N/A       54%         4
 Cause Fear               Hex            5%         N/A       54%         4
 Dispersal                Tloc           5%         N/A       100%        6
 Plasma Beam              Fire/Air       5%         2x1d15    100%        6
 Starburst                Conj/Fire      5%         6d4       100%        6
 Enfeeble                 Hex            5%         N/A       100%        7
 Maxwell's Capacitive Co  Air            5%         ∞         100%        8


Dungeon Overview and Level Annotations

Branches:
Dungeon (7/15)             Temple (1/1) D:4

Altars:
Ashenzari
Cheibriados
Dithmenos
Fedhas
Gozag
Hepliaklqana
Kikubaaqudgha
Makhleb
Nemelex Xobeh
Okawaru
Ru
Vehumet
Wu Jian
Xom
Yredelemnul
Zin

Shops:
D:7 [

Annotations:
D:3 1 runed translucent door, Crazy Yiuf, Grinder
D:4 3 runed translucent doors, Bediveer's ghost, novice NaFi


Innate Abilities, Weirdness & Mutations

You are something dangerously unstable.
You glow with magical radiation, making you easy to see and hit.
Foes you strike become dangerously contaminated with magical radiation.
You are incapable of wielding weapons or throwing items.
You have very sharp teeth.
Your uncanny sense of smell can sniff out nearby items.
Your experience applies equally to all skills.


Message History

You closely miss the steam dragon.
You hit the steam dragon but do no damage.
The steam dragon begins to glow.
You hit the steam dragon but do no damage.
The steam dragon glows dangerously bright.
The centaur hits you but does no damage.
The centaur barely misses you.
The two-headed ogre hits you with a +0 giant club!
The two-headed ogre hits you with a +0 giant club!!
The steam dragon misses you.
The steam dragon claws you but does no damage.
The centaur barely misses you. x2; The steam dragon barely misses you. x2
The centaur closely misses you. x2
Unknown command.
You spin and attack the centaur repeatedly.
You hit the centaur.
The centaur shudders as magic cascades through it!
You kill the centaur!
The Council accepts your kill.
You spin and attack the two-headed ogre repeatedly.
You hit the two-headed ogre.
The two-headed ogre shudders as magic cascades through it!!
The two-headed ogre twists and deforms.
The two-headed ogre is heavily wounded.
You hit the two-headed ogre but do no damage.
The two-headed ogre begins to glow.
The two-headed ogre is heavily wounded.
You spin and attack the steam dragon.
You hit the steam dragon.
The steam dragon shudders as magic cascades through it!!
You kill the steam dragon!
The Council accepts your kill.
The steam dragon scales are intact enough to wear.
The two-headed ogre hits you with a +0 giant club! x2
* * * LOW HITPOINT WARNING * * *
Unknown command.
You hit the two-headed ogre.
The two-headed ogre glows dangerously bright.
The two-headed ogre is heavily wounded.
The two-headed ogre hits you with a +0 giant club!
You die...

######## ##......##
#........## ..>.......#
..........# .......B[.#
# ......O.).## #.
.$.........## #####..
.........#%.######.....#
......................##
...........##...........
..............#####.....
...........####...##....
..[...........#._.#...##


You could see a two-headed ogre (heavy contam, misshapen).

Vanquished Creatures
  Pikel (D:5)
  Jeremiah (D:6)
  Sigmund (D:4)
  2 steam dragons (D:7)
  4 water moccasins
  Duvessa (D:7)
  2 ice beasts (D:5)
  3 sky beasts
  5 black bears
  2 ogres
  2 centaurs (D:7)
  4 lemures
  A phantom (D:5)
  A kobold brigand (D:6)
  4 scorpions
  4 wights (D:7)
  Dowan (D:7)
  A killer bee (D:5)
  3 hounds
  2 jellies
  3 orc priests (D:6)
  A sleepcap (D:5)
  A gnoll bouda (D:7)
  Jessica (D:2)
  Natasha (thrice) (D:4)
  4 orc wizards
  4 iguanas
  Robin (D:3)
  15 gnolls
  6 adders
  3 shadow imps
  A white imp (D:5)
  3 worms
  5 dart slugs
  23 orcs
  7 ball pythons
  8 endoplasms
  2 giant cockroaches
  12 goblins
  12 hobgoblins
  14 jackals
  4 quokkas
  7 bats
  4 frilled lizards
  14 kobolds
  9 rats
212 creatures vanquished.

Notes
Turn   | Place    | Note
-------+----------+-------------------------------------------
     0 | D:1      | browni3141 the Gnoll Shapeshifter began the quest for the
                  | Orb.
     0 | D:1      | Reached XP level 1. HP: 17/17 MP: 1/1
   202 | D:1      | Reached XP level 2. HP: 23/23 MP: 2/2
   450 | D:1      | Reached XP level 3. HP: 28/28 MP: 3/3
   750 | D:2      | Noticed Jessica
   751 | D:2      | Killed Jessica
   752 | D:2      | Reached skill level 1 in Short Blades
   752 | D:2      | Reached skill level 1 in Long Blades
   752 | D:2      | Reached skill level 1 in Axes
   752 | D:2      | Reached skill level 1 in Maces & Flails
   752 | D:2      | Reached skill level 1 in Polearms
   752 | D:2      | Reached skill level 1 in Staves
   752 | D:2      | Reached skill level 1 in Ranged Weapons
   752 | D:2      | Reached skill level 1 in Throwing
   752 | D:2      | Reached skill level 1 in Armour
   752 | D:2      | Reached skill level 1 in Stealth
   752 | D:2      | Reached skill level 1 in Shields
   752 | D:2      | Reached skill level 1 in Spellcasting
   752 | D:2      | Reached skill level 1 in Invocations
   752 | D:2      | Reached skill level 1 in Evocations
   752 | D:2      | Reached XP level 4. HP: 34/34 MP: 5/5
   868 | D:2      | Reached skill level 1 in Conjurations
   868 | D:2      | Reached skill level 1 in Hexes
   868 | D:2      | Reached skill level 1 in Summonings
   868 | D:2      | Reached skill level 1 in Necromancy
   868 | D:2      | Reached skill level 1 in Translocations
   868 | D:2      | Reached skill level 1 in Transmutations
   868 | D:2      | Reached skill level 1 in Fire Magic
   868 | D:2      | Reached skill level 1 in Ice Magic
   868 | D:2      | Reached skill level 1 in Air Magic
   868 | D:2      | Reached skill level 1 in Earth Magic
   868 | D:2      | Reached skill level 1 in Poison Magic
   989 | D:2      | Reached XP level 5. HP: 39/40 MP: 5/7
  1427 | D:3      | Found a runed translucent door.
  1427 | D:3      | Noticed Grinder
  1427 | D:3      | Noticed Crazy Yiuf
  1986 | D:3      | Reached XP level 6. HP: 45/47 MP: 8/8
  2111 | D:4      | Noticed Sigmund
  2199 | D:4      | Noticed Robin
  2205 | D:4      | Found a staircase to the Ecumenical Temple.
  2241 | D:3      | Killed Robin
  2372 | D:4      | Reached skill level 5 in Dodging
  2462 | D:4      | Noticed Natasha
  2469 | D:4      | Killed Natasha
  2488 | D:4      | Noticed a black bear
  2499 | D:4      | Killed a black bear
  2592 | D:4      | Found a runed translucent gate.
  2594 | D:4      | Found a runed translucent gate.
  2595 | D:4      | Found a runed translucent gate.
  2595 | D:4      | Noticed Bediveer's ghost (novice NaFi)
  2625 | D:4      | Reached XP level 7. HP: 46/52 MP: 10/10
  2911 | D:4      | Noticed Natasha
  2920 | D:4      | Killed Natasha
  2931 | Temple   | Found a transporter.
  2931 | Temple   | Found a transporter.
  2931 | Temple   | Found a transporter.
  2931 | Temple   | Found a transporter.
  2931 | Temple   | Entered the Ecumenical Temple
  2966 | Temple   | Became a worshipper of the Wu Jian Council
  3007 | D:4      | Killed Sigmund
  3008 | D:4      | Reached XP level 8. HP: 53/60 MP: 12/12
  3173 | D:4      | Noticed Natasha
  3184 | D:4      | Killed Natasha
  3305 | D:5      | Entered Level 5 of the Dungeon
  3813 | D:5      | Reached * piety under Wu Jian
  3995 | D:5      | Reached XP level 9. HP: 54/66 MP: 14/14
  4275 | D:5      | Noticed Pikel
  4593 | D:5      | Killed Pikel
  4594 | D:5      | Reached skill level 5 in Fighting
  5187 | D:6      | Reached skill level 5 in Invocations
  5401 | D:6      | Reached ** piety under Wu Jian
  5451 | D:6      | Noticed Jeremiah
  5466 | D:6      | Killed Jeremiah
  5470 | D:6      | Reached XP level 10. HP: 61/75 MP: 17/17
  5546 | D:6      | Found an iron altar of Okawaru.
  5634 | D:6      | Found a burning altar of Makhleb.
  5825 | D:7      | Found Nuchifri's Armour Shoppe.
  5832 | D:7      | Reached skill level 5 in Short Blades
  5832 | D:7      | Reached skill level 5 in Long Blades
  5832 | D:7      | Reached skill level 5 in Axes
  5832 | D:7      | Reached skill level 5 in Maces & Flails
  5832 | D:7      | Reached skill level 5 in Polearms
  5832 | D:7      | Reached skill level 5 in Staves
  5832 | D:7      | Reached skill level 5 in Ranged Weapons
  5832 | D:7      | Reached skill level 5 in Throwing
  5832 | D:7      | Reached skill level 5 in Armour
  5832 | D:7      | Reached skill level 5 in Stealth
  5832 | D:7      | Reached skill level 5 in Shields
  5832 | D:7      | Reached skill level 5 in Spellcasting
  5832 | D:7      | Reached skill level 5 in Evocations
  6547 | D:7      | Noticed Dowan
  6574 | D:7      | Noticed Duvessa
  6587 | D:7      | Killed Duvessa
  6694 | D:7      | Killed Dowan
  6820 | D:7      | Found a hazy altar of Hepliaklqana.
  6849 | D:7      | Noticed a two-headed ogre
  6855 | D:7      | Slain by a two-headed ogre

Illustrated notes

Levels and vault maps discovered:
D:1:      roderic_octagonal_star, layout_rooms, minmay_heptomino_h4
D:2:      layout_rooms, uniq_jessica
D:3:      minmay_inner_zag, layout_loops_ring, minmay_misc_feat_ornament,
          kennysheep_generic_room_11, uniq_crazy_yiuf_cottage, uniq_grinder
D:4:      layout_loops_ring, minmay_temple_entry_glassed_door,
          ebering_ghost_rock_garden, uniq_sigmund, uniq_natasha, uniq_robin
D:5:      cheibrodos_barr_body, layout_layer_cave, uniq_pikel
D:6:      layout_rooms, mainiacjoe_overflow_surrounded_room, okawaru_gym_becter,
          minmay_misc_feat_square, uniq_jeremiah
D:7:      layout_rooms, nzn_hepliaklqana_mist_gate,
          nicolae_qazlal_style_of_elements, serial_shops, shop, uniq_duvessa
Temple:   hellmonk_temple_divided_pantheon

Skill      XL: |  1  2  3  4  5  6  7  8  9 10 |
---------------+-------------------------------+-----
Short Blades   | 1 2 3 4 5 |  5.3
Long Blades    | 1 2 3 4 5 |  5.3
Axes           | 1 2 3 4 5 |  5.3
Maces & Flails | 1 2 3 4 5 |  5.3
Polearms       | 1 2 3 4 5 |  5.3
Staves         | 1 2 3 4 5 |  5.3
Ranged Weapons | 1 2 3 4 5 |  5.3
Throwing       | 1 2 3 4 5 |  5.3
Armour         | 1 2 3 4 5 |  5.3
Stealth        | 1 2 3 4 5 |  5.3
Shields        | 1 2 3 4 5 |  5.3
Spellcasting   | 1 2 3 4 5 |  5.3
Invocations    | 1 2 3 4 5 |  5.9
Evocations     | 1 2 3 4 5 |  5.3
Conjurations   | 1 2 3 4 |  4.4
Hexes          | 1 2 3 4 |  4.4
Summonings     | 1 2 3 4 |  4.4
Necromancy     | 1 2 3 4 |  4.4
Translocations | 1 2 3 4 |  4.4
Transmutations | 1 2 3 4 |  4.4
Fire Magic     | 1 2 3 4 |  4.4
Ice Magic      | 1 2 3 4 |  4.4
Air Magic      | 1 2 3 4 |  4.4
Earth Magic    | 1 2 3 4 |  4.4
Poison Magic   | 1 2 3 4 |  4.4
Fighting       | 3 4 5 6 |  6.0
Dodging        | 5 6 7 |  7.1
Unarmed Combat | 7 8 |  8.5
Shapeshifting  | 7 8 |  8.2

Action                     |  1- 3 |  4- 6 |  7- 9 | 10-12 || total
---------------------------+-------+-------+-------+-------++-------
  Melee: Unarmed           |    44 |   177 |   268 |   141 ||   630
         Bite              |     3 |    14 |    28 |    17 ||    62
         Punch             |     1 |     2 |    15 |       ||    18
   Fire: Sling             |       |    41 |     5 |       ||    46
  Throw: Stone             |     3 |       |       |       ||     3
Ability: Lunge             |       |       |    21 |     9 ||    30
         Whirlwind         |       |       |    35 |    31 ||    66
         Wall Jump         |       |       |     1 |     2 ||     3
  Evoke: Wand              |       |       |     9 |       ||     9
    Use: Scroll            |       |     2 |       |       ||     2
         Potion            |       |       |       |     1 ||     1
   Stab: Paralysed         |       |       |     3 |       ||     3
         Sleeping          |       |       |     1 |     1 ||     2
 Armour: Animal skin       |     2 |       |       |       ||     2
         Ring mail         |     5 |    82 |    78 |    42 ||   207
  Dodge: Dodged            |    22 |    99 |   132 |    84 ||   337
   Form: Flux              |       |     2 |     1 |       ||     3
         Beast             |       |     2 |       |       ||     2
                           |       |     1 |       |       ||     1
         Blade             |       |     1 |       |       ||     1

Table legend: (Time is in decaauts)
 A = Elapsed time spent in this place.
 B = Non-inter-level travel time spent in this place.
 C = Inter-level travel time spent in this place.
 D = Time resting spent in this place.
 E = Time spent auto-exploring this place.
 F = Levels seen in this place.
 G = Mean time per level.
                   A        B        C        D        E       F      G
               +--------+--------+--------+--------+--------+-----+--------+
         Total |   6796 |   6522 |    274 |    689 |   4288 |   8 |  849.5 |
       Dungeon |   6745 |   6484 |    261 |    689 |   4270 |   7 |  963.6 |
        Temple |     50 |     37 |     13 |      0 |     18 |   1 |   50.0 |
               +--------+--------+--------+--------+--------+-----+--------+

Top non-repeatable levels by time:
     D:5: 1813 daAuts
     D:4: 1022 daAuts
     D:6: 1016 daAuts
     D:3: 980 daAuts
     D:1: 737 daAuts
     D:7: 669 daAuts
     D:2: 505 daAuts
  Temple: 50 daAuts
